 Dungeon Crawl Stone Soup version 0.31-a0-986-g5e6e4ef867 (webtiles) character file.

Game seed: 11959574693709600878

646 fleeber the Carver (level 7, -11/50 HPs)
             Began as a Merfolk Gladiator on Nov 21, 2023.
             Was an Initiate of Qazlal.
             Mangled by an ogre
             ... wielding a +0 giant club
              (15 damage)
             ... on level 5 of the Dungeon.
             The game lasted 00:09:32 (4918 turns).

fleeber the Carver (Merfolk Gladiator)              Turns: 4918, Time: 00:09:33

Health: -11/50     AC:  6    Str: 15    XL:     7   Next: 52%
Magic:  7/7        EV: 12    Int:  7    God:    Qazlal [......]
Gold:   239        SH:  4    Dex: 17    Spells: 6/6 levels left

rFire   . . .        a - +0 long sword
rCold   . . .        k - +0 buckler
rNeg    . . .        h - +0 ring mail
rPois   .            c - +0 helmet
rElec   .            (no cloak)
rCorr   +            (no gloves)
SInv    .            (no boots)
Will    +....        (no amulet)
Stlth   +            q - ring of resist corrosion
HPRegen 0.28/turn    y - ring of willpower
MPRegen 0.10/turn

%: no passive effects
@: no status effects
A: (nimble swimmer 2), mertail
a: Renounce Religion


You were on level 5 of the Dungeon.
You worshipped Qazlal.
Qazlal was noncommittal.
You visited 1 branch of the dungeon, and saw 5 of its levels.

You collected 239 gold pieces.

Inventory:

Hand Weapons
 a - a +0 long sword (weapon)
Missiles
 d - 3 throwing nets
 e - a javelin
 f - 2 poisoned darts
 j - 43 stones (quivered)
Armour
 c - a +0 helmet (worn)
 h - a +0 ring mail (worn)
 k - a +0 buckler (worn)
Jewellery
 q - a ring of resist corrosion (left hand)
 y - a ring of willpower (right hand)
Wands
 s - a wand of flame (7)
 t - a wand of roots (12)
 w - a wand of acid (5)
Scrolls
 b - a scroll of enchant weapon {unknown}
 g - 2 scrolls of amnesia {unknown}
 l - 4 scrolls of identify {unknown}
 m - a scroll of fear {unknown}
 o - a scroll of fog {unknown}
 r - a scroll of teleportation {unknown}
 v - a scroll of immolation {unknown}
 z - a scroll of poison {unknown}
Potions
 i - 4 potions of curing {unknown}
 n - 2 potions of lignification {unknown}
 p - 2 potions of degeneration {unknown}
 u - a potion of might {unknown}
 x - a potion of invisibility {unknown}


   Skills:
 - Level 2.1 Fighting
 + Level 10.2 Long Blades
 - Level 2.0 Throwing
 - Level 4.0 Dodging


You had 6 spell levels left.
You didn't know any spells.
Your spell library was empty.

Dungeon Overview and Level Annotations

Branches:
Dungeon (5/15)
 Temple: D:4-7

Altars:
Fedhas
Hepliaklqana
Kikubaaqudgha
Qazlal
Ru
Trog
Vehumet
Wu Jian
Zin

Shops:
D:1 :


Innate Abilities, Weirdness & Mutations

((You are very nimble when in or above water. (Stealth+, EV+, Speed+++)))
Your lower body shifts to a powerful aquatic tail in water.


Message History

The orc completely misses you.
You barely miss the orc.
The orc is lightly wounded.
The orc closely misses you.
You hit the orc but do no damage.
The orc is lightly wounded.
The orc hits you with a +0 falchion.
You hit the orc.
The orc is almost dead.
The orc hits you with a +0 falchion.
You barely miss the orc.
The orc is almost dead.
The orc hits you with a +0 falchion.
You closely miss the orc.
The orc is almost dead.
The orc barely misses you.
You hit the orc.
The orc is almost dead.
The orc barely misses you.
You hit the orc but do no damage.
The orc is almost dead.
You block the orc's attack.
You barely miss the orc.
The orc is almost dead.
You hit the orc.
You kill the orc!
Qazlal accepts your kill.
You hit the ogre.
The ogre is lightly wounded.
The ogre hits you with a +0 giant club!!
You slash the ogre!
The ogre is heavily wounded.
You hit the ogre.
The ogre is severely wounded.
The ogre hits you with a +0 giant club!!
* * * LOW HITPOINT WARNING * * *
You hit the ogre.
The ogre is almost dead.
The ogre hits you with a +0 giant club!
You die...

.........#............#.# #...
.........##..#..##.#....# #...
.........##..#..##.#....######..#
.................#.#.............
#.##+###.##..#...................
.................................
...............########...####..#
#...#.##.#######........#.####...
.........#.....O@.....#.#...##..#
#.#...##.#.....#..##..#.#.#.##..#
.........#..#..#..##..#.#.#..#..#
........<#.....#......#..........
..######.#.....#......#.#.####..#
..# #..##+###########.#.####...
..# #..# .s# ..#.........# ..#
#..# .w.. ..#...###.... ..# #..#
... #+###..###...#


You could see an ogre.

Vanquished Creatures
  A water moccasin (D:5)
  An ogre (D:4)
  A phantom (D:4)
  An orc priest (D:3)
  3 jellies
  Ijyb (D:3)
  Terence (D:3)
  An iguana (D:5)
  Natasha (thrice) (D:3)
  2 adders
  A shadow imp (D:5)
  A worm (D:2)
  2 dart slugs (D:1)
  10 orcs
  8 endoplasms
  4 giant cockroaches
  8 goblins
  6 hobgoblins
  2 jackals (D:1)
  7 quokkas
  3 ball pythons
  5 bats
  4 frilled lizards
  4 kobolds
  7 rats
87 creatures vanquished.

Notes
Turn   | Place    | Note
-------+----------+-------------------------------------------
     0 | D:1      | fleeber the Merfolk Gladiator began the quest for the Orb.
     0 | D:1      | Reached XP level 1. HP: 16/16 MP: 1/1
   103 | D:1      | Reached skill level 4 in Long Blades
   106 | D:1      | Reached XP level 2. HP: 18/22 MP: 2/2
   732 | D:1      | Reached skill level 5 in Long Blades
   732 | D:1      | Reached XP level 3. HP: 27/27 MP: 3/3
   762 | D:1      | Found Ixehugh's Book Shop.
  1870 | D:3      | Reached skill level 6 in Long Blades
  1870 | D:3      | Reached XP level 4. HP: 20/33 MP: 4/4
  2019 | D:3      | Noticed Natasha
  2028 | D:3      | Killed Natasha
  2035 | D:3      | Reached XP level 5. HP: 27/38 MP: 5/5
  2130 | D:3      | Noticed Terence
  2144 | D:3      | Killed Terence
  2145 | D:3      | Reached skill level 7 in Long Blades
  2359 | D:3      | Noticed Natasha
  2369 | D:3      | Killed Natasha
  2531 | D:3      | Noticed Natasha
  2544 | D:3      | Killed Natasha
  2637 | D:3      | Noticed Ijyb
  2656 | D:3      | Killed Ijyb
  2657 | D:3      | Reached XP level 6. HP: 11/44 MP: 6/6
  2970 | D:4      | Reached skill level 8 in Long Blades
  3013 | D:4      | Reached skill level 9 in Long Blades
  3208 | D:4      | Found a radiant altar of Vehumet.
  3298 | D:4      | Found a sacrificial altar of Ru.
  3410 | D:4      | Reached XP level 7. HP: 50/50 MP: 7/7
  3836 | D:5      | Entered Level 5 of the Dungeon
  4172 | D:5      | Reached skill level 10 in Long Blades
  4525 | D:5      | Found a blossoming altar of Fedhas.
  4525 | D:5      | Found a bloodstained altar of Trog.
  4525 | D:5      | Found a hazy altar of Hepliaklqana.
  4525 | D:5      | Found a glowing silver altar of Zin.
  4531 | D:5      | Found an ornate altar of the Wu Jian Council.
  4531 | D:5      | Found an ancient bone altar of Kikubaaqudgha.
  4789 | D:5      | Found a stormy altar of Qazlal.
  4848 | D:5      | Became a worshipper of Qazlal Stormbringer
  4888 | D:5      | Noticed a wyvern
  4918 | D:5      | Mangled by an ogre

Illustrated notes

Levels and vault maps discovered:
D:1:      lemuel_arrival_broad_hall, layout_loops_corners, serial_shops,
          nicolae_shop_peninsula, dreamdust_wishing_well
D:2:      layout_basic
D:3:      layout_loops_cross, minmay_misc_feat_room, minmay_misc_feat_chi,
          lightli_corner_chamber, uniq_ijyb, uniq_natasha, uniq_terence
D:4:      layout_basic, mainiacjoe_overflow_alcove_1, fiery_altar_vehumet
D:5:      minmay_clustersquares, layout_basic, nicolae_qazlal_eye_of_the_storm,
          minmay_overflow_temple_hex

Skill      XL: |  1  2  3  4  5  6  7 |
---------------+----------------------+-----
Long Blades    | 4 5 6 7 9 10 | 10.2
Fighting       | |  2.1
Throwing       | |  2.0
Dodging        | |  4.0

Action                     |  1- 3 |  4- 6 |  7- 9 || total
---------------------------+-------+-------+-------++-------
  Melee: Long sword        |   157 |   127 |    52 ||   336
  Evoke: Wand              |       |     2 |       ||     2
 Armour: Leather armour    |    16 |       |       ||    16
         Ring mail         |    79 |    62 |    24 ||   165
  Dodge: Dodged            |   110 |    58 |    16 ||   184
  Block: Buckler           |    29 |    17 |     7 ||    53

Table legend: (Time is in decaauts)
 A = Elapsed time spent in this place.
 B = Non-inter-level travel time spent in this place.
 C = Inter-level travel time spent in this place.
 D = Time resting spent in this place.
 E = Time spent auto-exploring this place.
 F = Levels seen in this place.
 G = Mean time per level.
                   A        B        C        D        E       F      G
               +--------+--------+--------+--------+--------+-----+--------+
         Total |   4959 |   4887 |     72 |    358 |   3718 |   5 |  991.8 |
       Dungeon |   4959 |   4887 |     72 |    358 |   3718 |   5 |  991.8 |
               +--------+--------+--------+--------+--------+-----+--------+

Top non-repeatable levels by time:
     D:3: 1101 daAuts
     D:5: 1079 daAuts
     D:1: 1070 daAuts
     D:4: 904 daAuts
     D:2: 804 daAuts
